Blackhawks vs Capitals

Created - Friday, January 02, 2015 at 23:34

Goals
1 2 3 T
Blackhawks 2 0 2 4
Capitals 1 0 1 2
Shots
1 2 3 T
Blackhawks 8 11 12 31
Capitals 8 11 10 29

1st period

1. Capitals , Keaton Ellerby 5 (Adam Henrique, Matt Beleskey) at 13:53 (PP)
2. Blackhawks , Ryan Callahan 14 (Martin Hanzal, Curtis Glencross) at 16:42 (PP)
3. Blackhawks , Martin Hanzal 12 (Brock Nelson) at 17:45

Penalties :
Linus Omark (Was) for Holding (Minor) at 1:10, Brooks Laich (Chi) for Holding (Minor) at 7:38, Matt Beleskey (Was) for Holding (Minor) at 9:08, David Backes (Chi) for Hooking (Minor) at 13:39, Lubomir Visnovsky (Was) for Charging (Minor) at 16:15

2nd period

No Goal

Penalties :
PA Parenteau (Chi) for Slashing (Minor) at 15:23

3rd period

4. Blackhawks , Cal Clutterbuck 3 (Brooks Laich, Andrew Shaw) at 8:46
5. Blackhawks , Ryan Callahan 15 (Martin Hanzal, Curtis Glencross) at 16:44 (PP)
6. Capitals , Adam Henrique 15 (Stefan Elliott) at 19:35

Penalties :
Jaromir Jagr (Chi) for High sticking (Minor) at 0:20, David Backes (Chi) for Interference (Minor) at 2:05, Lubomir Visnovsky (Was) for Roughing (Minor) at 9:19, Lubomir Visnovsky (Was) for Tripping (Minor) at 16:31

Goalie Stats

Craig Anderson (Chi), 27 saves from 29 shots - (0.931), W, 6-12-0, 60:00 minutes
Ilya Bryzgalov (Was), 27 saves from 31 shots - (0.871), L, 2-7-0, 60:00 minutes

Players Stats for Blackhawks

Player Name              G  A  P  +/- PIM S  H  SB GA TA FO     MP     PP MP  PK MP  
------------------------------------------------------------------------------------
Andrew Shaw              0  1  1   0  0   1  0  0  0  1  0/0    10:14   0:00   0:00 
Brock Nelson             0  1  1   1  0   0  0  0  0  0  0/0    11:11   0:00   0:00 
Brooks Laich             0  1  1   0  2   4  0  0  1  0  4/11   13:42   0:42   2:47 
Cal Clutterbuck          1  0  1   0  0   1  0  0  1  1  0/0    10:14   0:00   0:00 
Curtis Glencross         0  2  2   0  0   1  0  2  3  0  0/2    15:51   3:33   0:00 
David Backes             0  0  0   0  4   3  1  0  3  0  6/7    15:55   2:35   1:15 
Dustin Byfuglien         0  0  0   1  0   2  2  0  1  1  0/0    18:23   1:59   0:00 
Jan Hejda                0  0  0   1  0   0  1  1  0  2  0/0    17:33   0:42   0:00 
Jaromir Jagr             0  0  0   0  2   4  0  0  5  1  0/0    18:26   2:35   3:10 
Jeff Carter              0  0  0   0  0   2  1  0  1  1  12/15  18:45   2:35   3:28 
Jordie Benn              0  0  0   0  0   4  0  2  0  1  0/0    18:31   0:00   3:50 
Justin Braun             0  0  0   0  0   1  0  2  0  2  0/0    23:06   4:09   3:37 
Martin Hanzal            1  2  3   1  0   2  2  1  0  1  4/10   15:30   3:33   0:00 
PA Parenteau             0  0  0   0  2   0  3  0  2  0  0/0    11:31   0:00   0:00 
Patrick Wiercioch        0  0  0   0  0   0  1  1  1  0  0/0    20:25   1:59   3:37 
Ryan Callahan            2  0  2   1  0   4  4  4  7  0  0/2    18:18   2:51   3:59 
Torey Krug               0  0  0   0  0   1  1  2  0  0  0/0    22:02   3:27   3:50 
Tyler Toffoli            0  0  0   0  0   1  0  0  0  0  0/2    12:08   0:00   0:00 

Players Stats for Capitals

Player Name              G  A  P  +/- PIM S  H  SB GA TA FO     MP     PP MP  PK MP  
------------------------------------------------------------------------------------
Adam Henrique            1  1  2   1  0   4  2  1  5  0  5/11   20:07   3:19   1:18 
Brett Clark              0  0  0  -1  0   0  0  3  0  1  0/0    21:45   3:18   2:46 
Brett Sutter             0  0  0  -1  0   0  0  0  0  1  0/1    14:17   0:00   2:02 
Cory Emmerton            0  0  0   0  0   1  0  0  0  1  1/5    11:38   0:04   0:00 
James Wisniewski         0  0  0  -1  0   6  1  1  0  6  0/0    25:57   4:09   3:22 
Justin Florek            0  0  0  -1  0   0  2  0  0  3  0/1    15:17   0:00   1:44 
Keaton Ellerby           1  0  1  -1  0   1  4  2  0  3  0/0    21:45   3:18   2:46 
Linus Omark              0  0  0   1  2   1  0  0  0  0  2/2    19:05   3:19   0:20 
Lubomir Visnovsky        0  0  0   0  6   1  3  2  0  0  0/0    20:53   4:09   1:33 
Luke Adam                0  0  0   0  0   0  0  0  0  0  0/0     0:00   0:00   0:00 
Mark Flood               0  0  0  -1  0   0  1  0  0  0  0/0     3:51   0:00   0:15 
Matt Beleskey            0  1  1   0  2   5  4  0  2  0  0/2    20:16   3:18   0:58 
Peter Regin              0  0  0  -1  0   0  0  1  2  0  3/8    13:49   0:27   0:18 
RJ Umberger              0  0  0   0  0   2  0  1  4  0  0/0    23:45   4:04   3:08 
Stefan Elliott           0  1  1   1  0   0  0  2  0  0  0/0    13:52   0:00   1:34 
Steve Oleksy             0  0  0   1  0   2  1  3  0  1  0/0    12:18   0:00   0:00 
Tim Jackman              0  0  0  -1  0   0  3  0  0  0  0/0    10:38   4:08   0:00 
Travis Zajac             0  0  0  -1  0   6  2  0  2  2  12/19  24:05   3:41   2:28 

3 Stars

1 - Ryan Callahan (Chi)
2 - Martin Hanzal (Chi)
3 - Adam Henrique (Was)

Power Play

Blackhawks - 2 on 5 Attempt(s) - 40.00%
Capitals - 1 on 5 Attempt(s) - 20.00%

Penalty Kill

Blackhawks - 4 on 5 Attempt(s) - 80.00% - Score 0 goal in Penalty Kill
Capitals - 3 on 5 Attempt(s) - 60.00% - Score 0 goal in Penalty Kill

Team Stat

Blackhawks - Hits : 16 - Faceoff Wins : 26 - Blocked Shots : 15 - Penalty Minutes : 10
Capitals - Hits : 23 - Faceoff Wins : 23 - Blocked Shots : 16 - Penalty Minutes : 10

Official

Referees : Unknown
Linesman : Unknown

Game Notes

No Game Note

Finance

Level 1 -- Attendance: 4249 (70.82%) -- Ticket Income $382,410
Level 2 -- Attendance: 4982 (99.64%) -- Ticket Income $274,010
Level 3 -- Attendance: 1860 (93.00%) -- Ticket Income $55,800
Level 4 -- Attendance: 3530 (88.25%) -- Ticket Income $60,010
Luxury Box -- Attendance: 975 (97.50%) -- Ticket Income $167,700
Game was played at the Verizon Center'
Total Attendance: 15596 (86.64%)
Total Ticket Income: $939,930
Other Income: $460,566
Total Income: $1,400,496

Blackhawks

5 vs 5 Forward 
   Center                   Left Wing                Right Wing               Time % Phy DF OF 
 1 Jeff Carter              Tyler Toffoli            Jaromir Jagr             30     0   2  3  
 2 David Backes             Curtis Glencross         PA Parenteau             25     1   2  2  
 3 Martin Hanzal            Brock Nelson             Ryan Callahan            25     2   2  1  
 4 Brooks Laich             Cal Clutterbuck          Andrew Shaw              20     2   2  1  

5 vs 5 Defense 
   Defense                  Defense                                           Time % Phy DF OF 
 1 Patrick Wiercioch        Justin Braun                                      30     1   2  2  
 2 Torey Krug               Jordie Benn                                       30     1   2  2  
 3 Jan Hejda                Dustin Byfuglien                                  30     1   2  2  
 4 Patrick Wiercioch        Justin Braun                                      10     1   2  2  

PowerPlay Forward 
   Center                   Left Wing                Right Wing               Time % Phy DF OF 
 1 Martin Hanzal            Curtis Glencross         Ryan Callahan            50     0   1  4  
 2 David Backes             Jaromir Jagr             Jeff Carter              50     0   1  4  

PowerPlay Defense
   Defense                  Defense                                           Time % Phy DF OF 
 1 Torey Krug               Justin Braun                                      50     0   2  3  
 2 Patrick Wiercioch        Dustin Byfuglien                                  50     0   2  3  

Penalty Kill 4 Players Forward 
   Center                   Wing                     Time % Phy DF OF 
 1 Brooks Laich             Ryan Callahan            50     1   3  1  
 2 Jeff Carter              Jaromir Jagr             50     1   3  1  

Penalty Kill 4 Players Defense
   Defense                  Defense                  Time % Phy DF OF 
 1 Torey Krug               Jordie Benn              50     2   3  0  
 2 Patrick Wiercioch        Justin Braun             50     2   3  0  

Penalty Kill - 3 Players Forward 
   Forward                                           Time % Phy DF OF 
 1 Ryan Callahan                                     50     1   4  0  
 2 Brooks Laich                                      50     1   4  0  

Penalty Kill - 3 Players Defense
   Defense                  Defense                  Time % Phy DF OF 
 1 Torey Krug               Jordie Benn              50     1   4  0  
 2 Patrick Wiercioch        Justin Braun             50     1   4  0  

4 vs 4 Forward 
   Center                   Wing                     Time % Phy DF OF 
 1 David Backes             Jeff Carter              50     0   2  3  
 2 Martin Hanzal            Curtis Glencross         50     0   2  3  

4 vs 4 Defense
   Defense                  Defense                  Time % Phy DF OF 
 1 Jan Hejda                Justin Braun             50     1   2  2  
 2 Torey Krug               Jordie Benn              50     1   2  2  

Last Minutes Offensive
   Center                   Left Wing                Right Wing               Defense                  Defense                  
   David Backes             Jaromir Jagr             Jeff Carter              Torey Krug               Dustin Byfuglien         

Last Minutes Defensive
   Center                   Left Wing                Right Wing               Defense                  Defense                  
   David Backes             Brooks Laich             Ryan Callahan            Jan Hejda                Justin Braun             

Goaltenders
Starting : Craig Anderson           
Backup : Rob Madore               

Extra Forwards
Normal : Ryan Callahan, Jeff Carter, David Backes - PP : Ryan Callahan, PA Parenteau - PK : David Backes
Extra Defensemen
Normal : Dustin Byfuglien, Torey Krug, Patrick Wiercioch - PP : Dustin Byfuglien - PK : Justin Braun, Jan Hejda
Penalty Shots
Brooks Laich, PA Parenteau, Jeff Carter, Ryan Callahan, Jaromir Jagr

Capitals

5 vs 5 Forward 
   Center                   Left Wing                Right Wing               Time % Phy DF OF 
 1 Travis Zajac             RJ Umberger              Tim Jackman              35     1   2  2  
 2 Adam Henrique            Matt Beleskey            Linus Omark              30     1   2  2  
 3 Peter Regin              Justin Florek            Travis Zajac             22     1   2  2  
 4 Cory Emmerton            Brett Sutter             RJ Umberger              13     1   2  2  

5 vs 5 Defense 
   Defense                  Defense                                           Time % Phy DF OF 
 1 James Wisniewski         Lubomir Visnovsky                                 35     1   2  2  
 2 Keaton Ellerby           Brett Clark                                       30     1   2  2  
 3 Steve Oleksy             Stefan Elliott                                    22     1   2  2  
 4 Mark Flood               James Wisniewski                                  13     1   2  2  

PowerPlay Forward 
   Center                   Left Wing                Right Wing               Time % Phy DF OF 
 1 Travis Zajac             RJ Umberger              Tim Jackman              60     1   2  2  
 2 Adam Henrique            Matt Beleskey            Linus Omark              40     1   2  2  

PowerPlay Defense
   Defense                  Defense                                           Time % Phy DF OF 
 1 James Wisniewski         Lubomir Visnovsky                                 60     1   2  2  
 2 Keaton Ellerby           Brett Clark                                       40     1   2  2  

Penalty Kill 4 Players Forward 
   Center                   Wing                     Time % Phy DF OF 
 1 Travis Zajac             RJ Umberger              60     1   2  2  
 2 Adam Henrique            Matt Beleskey            40     1   2  2  

Penalty Kill 4 Players Defense
   Defense                  Defense                  Time % Phy DF OF 
 1 James Wisniewski         Lubomir Visnovsky        60     1   2  2  
 2 Keaton Ellerby           Brett Clark              40     1   2  2  

Penalty Kill - 3 Players Forward 
   Forward                                           Time % Phy DF OF 
 1 Travis Zajac                                      60     1   2  2  
 2 RJ Umberger                                       40     1   2  2  

Penalty Kill - 3 Players Defense
   Defense                  Defense                  Time % Phy DF OF 
 1 James Wisniewski         Lubomir Visnovsky        60     1   2  2  
 2 Keaton Ellerby           Brett Clark              40     1   2  2  

4 vs 4 Forward 
   Center                   Wing                     Time % Phy DF OF 
 1 Travis Zajac             RJ Umberger              60     1   2  2  
 2 Adam Henrique            Matt Beleskey            40     1   2  2  

4 vs 4 Defense
   Defense                  Defense                  Time % Phy DF OF 
 1 James Wisniewski         Lubomir Visnovsky        60     1   2  2  
 2 Keaton Ellerby           Brett Clark              40     1   2  2  

Last Minutes Offensive
   Center                   Left Wing                Right Wing               Defense                  Defense                  
   Travis Zajac             RJ Umberger              Tim Jackman              James Wisniewski         Lubomir Visnovsky        

Last Minutes Defensive
   Center                   Left Wing                Right Wing               Defense                  Defense                  
   Travis Zajac             RJ Umberger              Tim Jackman              James Wisniewski         Lubomir Visnovsky        

Goaltenders
Starting : Ilya Bryzgalov           
Backup : Karri Ramo               

Extra Forwards
Normal : Peter Regin, Cory Emmerton, Justin Florek - PP : Peter Regin, Cory Emmerton - PK : Justin Florek
Extra Defensemen
Normal : Steve Oleksy, Stefan Elliott, Mark Flood - PP : Steve Oleksy - PK : Stefan Elliott, Mark Flood
Penalty Shots
Travis Zajac, RJ Umberger, Adam Henrique, Matt Beleskey, Peter Regin

% Time on Ice - Blackhawks

Lines # - Real PCT - Wanted PCT - Time Play
Normal Forward
1 - 27% - 30% - 12:25
2 - 26% - 25% - 12:06
3 - 24% - 25% - 11:11
4 - 22% - 20% - 10:14
Normal Defense
1 - 31% - 30% - 14:05
2 - 29% - 30% - 13:21
3 - 36% - 30% - 16:22
4 - 5% - 10% - 2:08
PP Forward
1 - 46% - 50% - 2:51
2 - 54% - 50% - 3:17
PP Defense
1 - 68% - 50% - 4:09
2 - 32% - 50% - 1:59
PK Forward
1 - 52% - 50% - 3:45
2 - 48% - 50% - 3:28
PK Defense
1 - 53% - 50% - 3:50
2 - 47% - 50% - 3:23
PK3 Forward
1 - 100% - 50% - 0:14
2 - 0% - 50% - 0:00
PK3 Defense
1 - 0% - 50% - 0:00
2 - 100% - 50% - 0:14
44 Forward
1 - 0% - 50% - 0:00
2 - 100% - 50% - 0:29
44 Defense
1 - 100% - 50% - 0:29
2 - 0% - 50% - 0:00
Last Minute Offensive  - 0:00
Last Minute Defensive  - 0:00
Total
Forward - 60:00
Defense - 60:00

% Time on Ice - Capitals

Lines # - Real PCT - Wanted PCT - Time Play
Normal Forward
1 - 15% - 35% - 7:03
2 - 34% - 30% - 15:30
3 - 27% - 22% - 12:36
4 - 23% - 13% - 10:47
Normal Defense
1 - 31% - 35% - 14:21
2 - 34% - 30% - 15:41
3 - 27% - 22% - 12:18
4 - 8% - 13% - 3:36
PP Forward
1 - 55% - 60% - 4:08
2 - 45% - 40% - 3:19
PP Defense
1 - 56% - 60% - 4:09
2 - 44% - 40% - 3:18
PK Forward
1 - 79% - 60% - 4:50
2 - 21% - 40% - 1:18
PK Defense
1 - 55% - 60% - 3:22
2 - 45% - 40% - 2:46
PK3 Forward
1 - 0% - 60%
2 - 0% - 40%
PK3 Defense
1 - 0% - 60%
2 - 0% - 40%
44 Forward
1 - 100% - 60% - 0:29
2 - 0% - 40% - 0:00
44 Defense
1 - 100% - 60% - 0:29
2 - 0% - 40% - 0:00
Last Minute Offensive  - 0:00
Last Minute Defensive  - 0:00
Total
Forward - 60:00
Defense - 60:00

Play by Play

1st period


0:01 of 1st period - Travis Zajac wins face-off versus Jeff Carter in neutral zone.
0:36 of 1st period - Slapshot by James Wisniewski.
0:36 of 1st period - Shot Misses the Net.
0:38 of 1st period - Slapshot by Travis Zajac.
0:38 of 1st period - Stopped by Craig Anderson with a rebound.
1:00 of 1st period - Torey Krug is hit by Matt Beleskey.
1:08 of 1st period - Backhand shot by Curtis Glencross.
1:08 of 1st period - Shot Misses the Net.
1:10 of 1st period - Minor Penalty to Linus Omark for Holding.
1:11 of 1st period - Travis Zajac wins face-off versus Martin Hanzal in Capitals zone.
1:38 of 1st period - Snap shot by Curtis Glencross.
1:38 of 1st period - Shot Misses the Net.
2:12 of 1st period - Snap shot by Jeff Carter.
2:12 of 1st period - Shot Misses the Net.
2:14 of 1st period - Wrist shot by Jeff Carter.
2:14 of 1st period - Shot Misses the Net.
2:22 of 1st period - Jeff Carter is hit by Keaton Ellerby and loses puck.
2:31 of 1st period - Matt Beleskey is hit by David Backes and loses puck.
2:48 of 1st period - Dustin Byfuglien is hit by Travis Zajac and loses puck.
3:10 of 1st period - Penalty to Linus Omark is over, Linus Omark is back on ice.
3:24 of 1st period - Off-side.
3:25 of 1st period - Brooks Laich wins face-off versus Peter Regin in neutral zone.
3:51 of 1st period - Off-side.
3:52 of 1st period - Adam Henrique wins face-off versus Ryan Callahan in neutral zone.
4:45 of 1st period - Mark Flood is hit by PA Parenteau and loses puck.
5:27 of 1st period - Wrist shot by Travis Zajac.
5:27 of 1st period - Stopped by Craig Anderson with a rebound.
6:54 of 1st period - Cory Emmerton is hit by Ryan Callahan and loses puck.
7:19 of 1st period - Slapshot by Torey Krug.
7:19 of 1st period - Shot Misses the Net.
7:21 of 1st period - Snap shot by David Backes.
7:21 of 1st period - Shot Misses the Net.
7:23 of 1st period - Slapshot by Torey Krug.
7:23 of 1st period - Deflect By PA Parenteau.
7:23 of 1st period - Shot Hit the Post.
7:23 of 1st period - Puck is out of play.
7:24 of 1st period - Linus Omark wins face-off versus Brooks Laich in Capitals zone.
7:38 of 1st period - Minor Penalty to Brooks Laich for Holding.
7:39 of 1st period - Travis Zajac wins face-off versus Jeff Carter in Blackhawks zone.
7:40 of 1st period - Slapshot by James Wisniewski.
7:40 of 1st period - Shot Misses the Net.
8:57 of 1st period - Snap shot by Jaromir Jagr.
8:57 of 1st period - Stopped by Ilya Bryzgalov without a rebound.
8:58 of 1st period - David Backes wins face-off versus Matt Beleskey in Capitals zone.
9:05 of 1st period - Snap shot by David Backes.
9:05 of 1st period - Deflect By Ryan Callahan.
9:05 of 1st period - Shot Blocked by Keaton Ellerby.
9:05 of 1st period - Puck is out of play.
9:06 of 1st period - Adam Henrique wins face-off versus David Backes in Capitals zone.
9:08 of 1st period - Minor Penalty to Matt Beleskey for Holding.
9:09 of 1st period - Travis Zajac wins face-off versus Martin Hanzal in Capitals zone.
9:15 of 1st period - Jan Hejda is hit by Lubomir Visnovsky and loses puck.
9:24 of 1st period - Wrist shot by Martin Hanzal.
9:24 of 1st period - Stopped by Ilya Bryzgalov without a rebound.
9:25 of 1st period - Travis Zajac wins face-off versus Curtis Glencross in Capitals zone.
9:38 of 1st period - Penalty to Brooks Laich is over, Brooks Laich is back on ice.
11:08 of 1st period - Penalty to Matt Beleskey is over, Matt Beleskey is back on ice.
11:16 of 1st period - Ryan Callahan is hit by Adam Henrique and loses puck.
11:37 of 1st period - Snap shot by Brooks Laich.
11:37 of 1st period - Shot Misses the Net.
11:39 of 1st period - Slapshot by Jordie Benn.
11:39 of 1st period - Shot Blocked by James Wisniewski.
11:41 of 1st period - Snap shot by Brooks Laich.
11:41 of 1st period - Stopped by Ilya Bryzgalov without a rebound.
11:42 of 1st period - Brooks Laich wins face-off versus Peter Regin in Capitals zone.
12:37 of 1st period - Jeff Carter is hit by Adam Henrique and loses puck.
13:29 of 1st period - Snap shot by Cory Emmerton.
13:29 of 1st period - Stopped by Craig Anderson with a rebound.
13:31 of 1st period - Snap shot by Justin Florek.
13:31 of 1st period - Shot Blocked by Curtis Glencross.
13:39 of 1st period - Minor Penalty to David Backes for Hooking.
13:40 of 1st period - Adam Henrique wins face-off versus Brooks Laich in Blackhawks zone.
13:51 of 1st period - Slapshot by Adam Henrique.
13:51 of 1st period - Shot Blocked by Ryan Callahan.
13:53 of 1st period - Wrist shot by Keaton Ellerby.
13:53 of 1st period - Goal by Keaton Ellerby - Blackhawks : 0 - Capitals : 1.
13:54 of 1st period - Jeff Carter wins face-off versus Travis Zajac in neutral zone.
13:57 of 1st period - Snap shot by Dustin Byfuglien.
13:57 of 1st period - Shot Misses the Net.
13:59 of 1st period - Snap shot by Jeff Carter.
13:59 of 1st period - Deflect By Jaromir Jagr.
13:59 of 1st period - Stopped by Ilya Bryzgalov with a rebound.
14:23 of 1st period - RJ Umberger is hit by Dustin Byfuglien and loses puck.
14:46 of 1st period - James Wisniewski is hit by Ryan Callahan and loses puck.
14:53 of 1st period - Snap shot by Martin Hanzal.
14:53 of 1st period - Shot Misses the Net.
15:07 of 1st period - Slapshot by Ryan Callahan.
15:07 of 1st period - Stopped by Ilya Bryzgalov without a rebound.
15:08 of 1st period - David Backes wins face-off versus Cory Emmerton in Capitals zone.
15:15 of 1st period - Snap shot by David Backes.
15:15 of 1st period - Shot Misses the Net.
15:25 of 1st period - Slapshot by RJ Umberger.
15:25 of 1st period - Shot Misses the Net.
15:27 of 1st period - Slapshot by Steve Oleksy.
15:27 of 1st period - Stopped by Craig Anderson without a rebound.
15:28 of 1st period - David Backes wins face-off versus Cory Emmerton in Blackhawks zone.
16:05 of 1st period - Wrist shot by Matt Beleskey.
16:05 of 1st period - Stopped by Craig Anderson without a rebound.
16:06 of 1st period - Martin Hanzal wins face-off versus Justin Florek in Blackhawks zone.
16:06 of 1st period - Martin Hanzal is hit by James Wisniewski.
16:15 of 1st period - Minor Penalty to Lubomir Visnovsky for Charging.
16:16 of 1st period - Martin Hanzal wins face-off versus Travis Zajac in Capitals zone.
16:40 of 1st period - Snap shot by Martin Hanzal.
16:40 of 1st period - Shot Misses the Net.
16:42 of 1st period - Slapshot by Ryan Callahan.
16:42 of 1st period - Goal by Ryan Callahan - Blackhawks : 1 - Capitals : 1.
16:43 of 1st period - Adam Henrique wins face-off versus Jeff Carter in neutral zone.
17:38 of 1st period - Keaton Ellerby is hit by Ryan Callahan and loses puck.
17:45 of 1st period - Snap shot by Martin Hanzal.
17:45 of 1st period - Goal by Martin Hanzal - Blackhawks : 2 - Capitals : 1.
17:46 of 1st period - Travis Zajac wins face-off versus Martin Hanzal in neutral zone.
17:49 of 1st period - Jan Hejda is hit by Keaton Ellerby and loses puck.
18:02 of 1st period - Slapshot by Travis Zajac.
18:02 of 1st period - Stopped by Craig Anderson without a rebound.
18:03 of 1st period - Travis Zajac wins face-off versus Martin Hanzal in Blackhawks zone.
18:43 of 1st period - Slapshot by Matt Beleskey.
18:43 of 1st period - Shot Misses the Net.
18:45 of 1st period - Snap shot by Brett Clark.
18:45 of 1st period - Shot Blocked by Curtis Glencross.
18:47 of 1st period - Slapshot by Brett Clark.
18:47 of 1st period - Deflect By Matt Beleskey.
18:47 of 1st period - Stopped by Craig Anderson with a rebound.
18:57 of 1st period - Matt Beleskey is hit by PA Parenteau and loses puck.
19:24 of 1st period - Steve Oleksy is hit by Jeff Carter and loses puck.
19:31 of 1st period - Snap shot by Tyler Toffoli.
19:31 of 1st period - Stopped by Ilya Bryzgalov with a rebound.
19:33 of 1st period - Slapshot by Jordie Benn.
19:33 of 1st period - Shot Misses the Net.
Goals for this period are 2 for Blackhawks vs 1 for Capitals.
Shots for this period are 8 for Blackhawks vs 8 for Capitals.

2nd period


0:01 of 2nd period - Travis Zajac wins face-off versus Brooks Laich in neutral zone.
0:04 of 2nd period - Cal Clutterbuck is hit by Tim Jackman and loses puck.
0:19 of 2nd period - Wrist shot by James Wisniewski.
0:19 of 2nd period - Shot Misses the Net.
0:21 of 2nd period - Slapshot by James Wisniewski.
0:21 of 2nd period - Shot Blocked by Justin Braun.
0:23 of 2nd period - Slapshot by Lubomir Visnovsky.
0:23 of 2nd period - Stopped by Craig Anderson with a rebound.
0:25 of 2nd period - Slapshot by James Wisniewski.
0:25 of 2nd period - Shot Misses the Net.
0:27 of 2nd period - Slapshot by RJ Umberger.
0:27 of 2nd period - Stopped by Craig Anderson without a rebound.
0:28 of 2nd period - Linus Omark wins face-off versus Martin Hanzal in Blackhawks zone.
0:45 of 2nd period - Snap shot by Adam Henrique.
0:45 of 2nd period - Shot Misses the Net.
0:47 of 2nd period - Snap shot by Adam Henrique.
0:47 of 2nd period - Shot Misses the Net.
0:49 of 2nd period - Slapshot by Matt Beleskey.
0:49 of 2nd period - Stopped by Craig Anderson without a rebound.
0:50 of 2nd period - Jeff Carter wins face-off versus Travis Zajac in Blackhawks zone.
1:41 of 2nd period - Curtis Glencross is hit by Matt Beleskey and loses puck.
2:26 of 2nd period - Slapshot by Keaton Ellerby.
2:26 of 2nd period - Deflect By Travis Zajac.
2:26 of 2nd period - Shot Misses the Net.
2:26 of 2nd period - Puck is out of play.
2:27 of 2nd period - Peter Regin wins face-off versus Brooks Laich in Blackhawks zone.
2:46 of 2nd period - Snap shot by Andrew Shaw.
2:46 of 2nd period - Shot Misses the Net.
2:48 of 2nd period - Slapshot by Torey Krug.
2:48 of 2nd period - Deflect By Steve Oleksy.
2:48 of 2nd period - Stopped by Ilya Bryzgalov with a rebound.
2:50 of 2nd period - Snap shot by Jordie Benn.
2:50 of 2nd period - Stopped by Ilya Bryzgalov with a rebound.
2:52 of 2nd period - Snap shot by Brooks Laich.
2:52 of 2nd period - Shot Misses the Net.
2:58 of 2nd period - Slapshot by Brooks Laich.
2:58 of 2nd period - Shot Misses the Net.
3:21 of 2nd period - Steve Oleksy is hit by Martin Hanzal and loses puck.
3:28 of 2nd period - Slapshot by James Wisniewski.
3:28 of 2nd period - Shot Blocked by Jordie Benn.
3:30 of 2nd period - Wrist shot by RJ Umberger.
3:30 of 2nd period - Shot Misses the Net.
3:32 of 2nd period - Wrist shot by Brett Sutter.
3:32 of 2nd period - Shot Blocked by Martin Hanzal.
3:34 of 2nd period - Snap shot by James Wisniewski.
3:34 of 2nd period - Deflect By Jordie Benn.
3:34 of 2nd period - Stopped by Craig Anderson with a rebound.
3:40 of 2nd period - Snap shot by James Wisniewski.
3:40 of 2nd period - Stopped by Craig Anderson with a rebound.
3:49 of 2nd period - Slapshot by RJ Umberger.
3:49 of 2nd period - Shot Blocked by Ryan Callahan.
4:15 of 2nd period - Snap shot by Matt Beleskey.
4:15 of 2nd period - Stopped by Craig Anderson with a rebound.
4:19 of 2nd period - Wrist shot by Matt Beleskey.
4:19 of 2nd period - Stopped by Craig Anderson without a rebound.
4:20 of 2nd period - Jeff Carter wins face-off versus Travis Zajac in Blackhawks zone.
4:48 of 2nd period - Snap shot by Jeff Carter.
4:48 of 2nd period - Stopped by Ilya Bryzgalov with a rebound.
5:44 of 2nd period - Slapshot by James Wisniewski.
5:44 of 2nd period - Stopped by Craig Anderson with a rebound.
5:54 of 2nd period - Wrist shot by David Backes.
5:54 of 2nd period - Deflect By Curtis Glencross.
5:54 of 2nd period - Shot Misses the Net.
5:54 of 2nd period - Puck is out of play.
5:55 of 2nd period - Peter Regin wins face-off versus Brooks Laich in Capitals zone.
6:44 of 2nd period - Snap shot by Curtis Glencross.
6:44 of 2nd period - Shot Blocked by Steve Oleksy.
6:46 of 2nd period - Wrist shot by David Backes.
6:46 of 2nd period - Stopped by Ilya Bryzgalov without a rebound.
6:47 of 2nd period - David Backes wins face-off versus Cory Emmerton in Capitals zone.
6:52 of 2nd period - Wrist shot by Curtis Glencross.
6:52 of 2nd period - Shot Blocked by Brett Clark.
6:54 of 2nd period - Snap shot by Jan Hejda.
6:54 of 2nd period - Shot Blocked by RJ Umberger.
6:56 of 2nd period - Wrist shot by David Backes.
6:56 of 2nd period - Stopped by Ilya Bryzgalov with a rebound.
6:58 of 2nd period - Slapshot by David Backes.
6:58 of 2nd period - Shot Misses the Net.
7:11 of 2nd period - RJ Umberger is hit by PA Parenteau and loses puck.
7:33 of 2nd period - Icing by Jordie Benn.
7:34 of 2nd period - Peter Regin wins face-off versus Martin Hanzal in Blackhawks zone.
7:35 of 2nd period - Snap shot by Travis Zajac.
7:35 of 2nd period - Stopped by Craig Anderson with a rebound.
7:53 of 2nd period - Slapshot by Torey Krug.
7:53 of 2nd period - Deflect By Brock Nelson.
7:53 of 2nd period - Shot Misses the Net.
7:53 of 2nd period - Puck is out of play.
7:54 of 2nd period - Jeff Carter wins face-off versus Adam Henrique in Capitals zone.
7:55 of 2nd period - Wrist shot by Jaromir Jagr.
7:55 of 2nd period - Stopped by Ilya Bryzgalov with a rebound.
7:57 of 2nd period - Slapshot by Jaromir Jagr.
7:57 of 2nd period - Deflect By Jeff Carter.
7:57 of 2nd period - Shot Blocked by Lubomir Visnovsky.
7:57 of 2nd period - Puck is out of play.
7:58 of 2nd period - Jeff Carter wins face-off versus Adam Henrique in Capitals zone.
8:29 of 2nd period - Snap shot by Jeff Carter.
8:29 of 2nd period - Shot Misses the Net.
8:56 of 2nd period - Dustin Byfuglien is hit by Lubomir Visnovsky and loses puck.
9:23 of 2nd period - Justin Florek is hit by Jan Hejda and loses puck.
9:29 of 2nd period - Off-side.
9:30 of 2nd period - David Backes wins face-off versus Peter Regin in neutral zone.
9:43 of 2nd period - Wrist shot by David Backes.
9:43 of 2nd period - Shot Blocked by Stefan Elliott.
9:45 of 2nd period - Wrist shot by David Backes.
9:45 of 2nd period - Stopped by Ilya Bryzgalov with a rebound.
9:47 of 2nd period - Slapshot by Jordie Benn.
9:47 of 2nd period - Shot Blocked by Steve Oleksy.
9:49 of 2nd period - Slapshot by Jordie Benn.
9:49 of 2nd period - Stopped by Ilya Bryzgalov with a rebound.
9:51 of 2nd period - Slapshot by Jordie Benn.
9:51 of 2nd period - Stopped by Ilya Bryzgalov with a rebound.
9:53 of 2nd period - Slapshot by PA Parenteau.
9:53 of 2nd period - Shot Blocked by Steve Oleksy.
9:55 of 2nd period - Slapshot by Jordie Benn.
9:55 of 2nd period - Stopped by Ilya Bryzgalov with a rebound.
9:57 of 2nd period - Wrist shot by David Backes.
9:57 of 2nd period - Shot Blocked by Stefan Elliott.
11:33 of 2nd period - Wrist shot by James Wisniewski.
11:33 of 2nd period - Shot Blocked by Justin Braun.
11:35 of 2nd period - Slapshot by James Wisniewski.
11:35 of 2nd period - Stopped by Craig Anderson without a rebound.
11:36 of 2nd period - Jeff Carter wins face-off versus Adam Henrique in Blackhawks zone.
11:41 of 2nd period - Wrist shot by Jaromir Jagr.
11:41 of 2nd period - Deflect By James Wisniewski.
11:41 of 2nd period - Shot Blocked by Adam Henrique.
11:41 of 2nd period - Puck is out of play.
11:42 of 2nd period - Jeff Carter wins face-off versus Cory Emmerton in Capitals zone.
12:35 of 2nd period - Brock Nelson is hit by Mark Flood and loses puck.
13:47 of 2nd period - Brett Clark is hit by Torey Krug and loses puck.
14:22 of 2nd period - Wrist shot by Cal Clutterbuck.
14:22 of 2nd period - Shot Misses the Net.
14:24 of 2nd period - Slapshot by Andrew Shaw.
14:24 of 2nd period - Shot Misses the Net.
14:26 of 2nd period - Backhand shot by Justin Braun.
14:26 of 2nd period - Stopped by Ilya Bryzgalov with a rebound.
14:30 of 2nd period - Slapshot by Andrew Shaw.
14:30 of 2nd period - Shot Misses the Net.
15:23 of 2nd period - Minor Penalty to PA Parenteau for Slashing.
15:24 of 2nd period - Jeff Carter wins face-off versus Travis Zajac in Blackhawks zone.
16:31 of 2nd period - Backhand shot by James Wisniewski.
16:31 of 2nd period - Shot Misses the Net.
17:01 of 2nd period - Jeff Carter is hit by Matt Beleskey.
17:23 of 2nd period - Penalty to PA Parenteau is over, PA Parenteau is back on ice.
17:56 of 2nd period - Jordie Benn is hit by Steve Oleksy and loses puck.
18:05 of 2nd period - Wrist shot by Cory Emmerton.
18:05 of 2nd period - Shot Blocked by Torey Krug.
18:07 of 2nd period - Slapshot by Steve Oleksy.
18:07 of 2nd period - Shot Misses the Net.
18:09 of 2nd period - Slapshot by Steve Oleksy.
18:09 of 2nd period - Shot Misses the Net.
18:11 of 2nd period - Snap shot by Steve Oleksy.
18:11 of 2nd period - Stopped by Craig Anderson with a rebound.
18:34 of 2nd period - Snap shot by Cal Clutterbuck.
18:34 of 2nd period - Shot Misses the Net.
19:12 of 2nd period - Ryan Callahan is hit by Keaton Ellerby and loses puck.
19:21 of 2nd period - Keaton Ellerby is hit by Martin Hanzal.
Goals for this period are 0 for Blackhawks vs 0 for Capitals.
Shots for this period are 11 for Blackhawks vs 11 for Capitals.

3rd period


0:01 of 3rd period - Jeff Carter wins face-off versus Travis Zajac in neutral zone.
0:04 of 3rd period - Snap shot by Jaromir Jagr.
0:04 of 3rd period - Shot Misses the Net.
0:06 of 3rd period - Wrist shot by Jeff Carter.
0:06 of 3rd period - Stopped by Ilya Bryzgalov without a rebound.
0:07 of 3rd period - Travis Zajac wins face-off versus Tyler Toffoli in Capitals zone.
0:18 of 3rd period - Snap shot by RJ Umberger.
0:18 of 3rd period - Stopped by Craig Anderson with a rebound.
0:20 of 3rd period - Minor Penalty to Jaromir Jagr for High sticking.
0:21 of 3rd period - Travis Zajac wins face-off versus Brooks Laich in Blackhawks zone.
0:24 of 3rd period - Wrist shot by James Wisniewski.
0:24 of 3rd period - Stopped by Craig Anderson with a rebound.
0:26 of 3rd period - Snap shot by Travis Zajac.
0:26 of 3rd period - Shot Misses the Net.
0:34 of 3rd period - Slapshot by Travis Zajac.
0:34 of 3rd period - Stopped by Craig Anderson with a rebound.
0:40 of 3rd period - Snap shot by RJ Umberger.
0:40 of 3rd period - Shot Blocked by Torey Krug.
0:42 of 3rd period - Wrist shot by Travis Zajac.
0:42 of 3rd period - Stopped by Craig Anderson with a rebound.
0:44 of 3rd period - Snap shot by James Wisniewski.
0:44 of 3rd period - Shot Misses the Net.
0:46 of 3rd period - Slapshot by James Wisniewski.
0:46 of 3rd period - Stopped by Craig Anderson with a rebound.
0:52 of 3rd period - Slapshot by RJ Umberger.
0:52 of 3rd period - Shot Blocked by Jordie Benn.
2:05 of 3rd period - Minor Penalty to David Backes for Interference.
2:06 of 3rd period - Travis Zajac wins face-off versus Ryan Callahan in Blackhawks zone.
2:20 of 3rd period - Penalty to Jaromir Jagr is over, Jaromir Jagr is back on ice.
2:20 of 3rd period - Wrist shot by RJ Umberger.
2:20 of 3rd period - Shot Blocked by Ryan Callahan.
2:36 of 3rd period - Patrick Wiercioch is hit by Lubomir Visnovsky and loses puck.
2:47 of 3rd period - Wrist shot by Jaromir Jagr.
2:47 of 3rd period - Deflect By Jeff Carter.
2:47 of 3rd period - Shot Misses the Net.
2:47 of 3rd period - Puck is out of play.
2:48 of 3rd period - Jeff Carter wins face-off versus Adam Henrique in Capitals zone.
2:49 of 3rd period - Slapshot by Jaromir Jagr.
2:49 of 3rd period - Stopped by Ilya Bryzgalov with a rebound.
3:03 of 3rd period - Wrist shot by Jeff Carter.
3:03 of 3rd period - Shot Blocked by Brett Clark.
3:25 of 3rd period - Jordie Benn is hit by Tim Jackman and loses puck.
3:40 of 3rd period - Slapshot by James Wisniewski.
3:40 of 3rd period - Shot Blocked by Ryan Callahan.
4:05 of 3rd period - Penalty to David Backes is over, David Backes is back on ice.
4:11 of 3rd period - Slapshot by James Wisniewski.
4:11 of 3rd period - Shot Misses the Net.
4:37 of 3rd period - Justin Braun is hit by Justin Florek and loses puck.
6:47 of 3rd period - David Backes is hit by Matt Beleskey and loses puck.
7:32 of 3rd period - Ryan Callahan is hit by Travis Zajac and loses puck.
8:30 of 3rd period - Off-side.
8:31 of 3rd period - Brooks Laich wins face-off versus Brett Sutter in neutral zone.
8:42 of 3rd period - Snap shot by Andrew Shaw.
8:42 of 3rd period - Stopped by Ilya Bryzgalov with a rebound.
8:44 of 3rd period - Snap shot by Brooks Laich.
8:44 of 3rd period - Stopped by Ilya Bryzgalov with a rebound.
8:46 of 3rd period - Snap shot by Cal Clutterbuck.
8:46 of 3rd period - Goal by Cal Clutterbuck - Blackhawks : 3 - Capitals : 1.
8:47 of 3rd period - Jeff Carter wins face-off versus Peter Regin in neutral zone.
9:19 of 3rd period - Minor Penalty to Lubomir Visnovsky for Roughing.
9:20 of 3rd period - Travis Zajac wins face-off versus Curtis Glencross in Capitals zone.
9:41 of 3rd period - Slapshot by Curtis Glencross.
9:41 of 3rd period - Stopped by Ilya Bryzgalov with a rebound.
11:19 of 3rd period - Penalty to Lubomir Visnovsky is over, Lubomir Visnovsky is back on ice.
11:32 of 3rd period - Snap shot by Andrew Shaw.
11:32 of 3rd period - Shot Misses the Net.
11:34 of 3rd period - Slapshot by Jan Hejda.
11:34 of 3rd period - Deflect By Brooks Laich.
11:34 of 3rd period - Stopped by Ilya Bryzgalov with a rebound.
11:36 of 3rd period - Backhand shot by Brooks Laich.
11:36 of 3rd period - Shot Misses the Net.
11:38 of 3rd period - Backhand shot by Dustin Byfuglien.
11:38 of 3rd period - Stopped by Ilya Bryzgalov with a rebound.
11:40 of 3rd period - Slapshot by Jan Hejda.
11:40 of 3rd period - Shot Blocked by Brett Clark.
11:42 of 3rd period - Slapshot by Brooks Laich.
11:42 of 3rd period - Stopped by Ilya Bryzgalov without a rebound.
11:43 of 3rd period - Adam Henrique wins face-off versus Brooks Laich in Capitals zone.
11:43 of 3rd period - Adam Henrique is hit by Dustin Byfuglien.
12:06 of 3rd period - Snap shot by Matt Beleskey.
12:06 of 3rd period - Deflect By Linus Omark.
12:06 of 3rd period - Stopped by Craig Anderson with a rebound.
12:08 of 3rd period - Snap shot by Adam Henrique.
12:08 of 3rd period - Shot Misses the Net.
12:39 of 3rd period - Torey Krug is hit by Tim Jackman and loses puck.
13:28 of 3rd period - Wrist shot by James Wisniewski.
13:28 of 3rd period - Deflect By RJ Umberger.
13:28 of 3rd period - Shot Blocked by Patrick Wiercioch.
13:28 of 3rd period - Puck is out of play.
13:29 of 3rd period - Cory Emmerton wins face-off versus Tyler Toffoli in Blackhawks zone.
13:30 of 3rd period - Snap shot by James Wisniewski.
13:30 of 3rd period - Shot Misses the Net.
14:08 of 3rd period - Snap shot by Matt Beleskey.
14:08 of 3rd period - Deflect By Adam Henrique.
14:08 of 3rd period - Stopped by Craig Anderson with a rebound.
14:10 of 3rd period - Wrist shot by Brett Clark.
14:10 of 3rd period - Shot Blocked by Jan Hejda.
14:12 of 3rd period - Slapshot by Brett Clark.
14:12 of 3rd period - Deflect By Adam Henrique.
14:12 of 3rd period - Stopped by Craig Anderson without a rebound.
14:13 of 3rd period - David Backes wins face-off versus Matt Beleskey in Blackhawks zone.
14:34 of 3rd period - Snap shot by Torey Krug.
14:34 of 3rd period - Shot Misses the Net.
15:06 of 3rd period - Brett Clark is hit by Patrick Wiercioch and loses puck.
15:11 of 3rd period - Wrist shot by Ryan Callahan.
15:11 of 3rd period - Shot Blocked by Keaton Ellerby.
15:20 of 3rd period - Snap shot by Ryan Callahan.
15:20 of 3rd period - Stopped by Ilya Bryzgalov with a rebound.
15:22 of 3rd period - Snap shot by Dustin Byfuglien.
15:22 of 3rd period - Shot Misses the Net.
15:24 of 3rd period - Backhand shot by Dustin Byfuglien.
15:24 of 3rd period - Stopped by Ilya Bryzgalov without a rebound.
15:25 of 3rd period - Brooks Laich wins face-off versus Adam Henrique in Capitals zone.
16:31 of 3rd period - Minor Penalty to Lubomir Visnovsky for Tripping.
16:32 of 3rd period - Martin Hanzal wins face-off versus Travis Zajac in Capitals zone.
16:42 of 3rd period - Snap shot by Martin Hanzal.
16:42 of 3rd period - Shot Misses the Net.
16:44 of 3rd period - Snap shot by Ryan Callahan.
16:44 of 3rd period - Goal by Ryan Callahan - Blackhawks : 4 - Capitals : 1.
16:45 of 3rd period - Jeff Carter wins face-off versus Adam Henrique in neutral zone.
17:02 of 3rd period - Wrist shot by Tyler Toffoli.
17:02 of 3rd period - Shot Blocked by Lubomir Visnovsky.
17:32 of 3rd period - Jaromir Jagr is hit by Justin Florek and loses puck.
17:53 of 3rd period - Cory Emmerton is hit by Ryan Callahan and loses puck.
18:34 of 3rd period - Curtis Glencross is hit by Keaton Ellerby and loses puck.
19:31 of 3rd period - Wrist shot by Adam Henrique.
19:31 of 3rd period - Stopped by Craig Anderson with a rebound.
19:33 of 3rd period - Backhand shot by Adam Henrique.
19:33 of 3rd period - Shot Misses the Net.
19:35 of 3rd period - Wrist shot by Adam Henrique.
19:35 of 3rd period - Goal by Adam Henrique - Blackhawks : 4 - Capitals : 2.
19:36 of 3rd period - Martin Hanzal wins face-off versus Peter Regin in neutral zone.
19:41 of 3rd period - Snap shot by Ryan Callahan.
19:41 of 3rd period - Shot Blocked by Peter Regin.
Goals for this period are 2 for Blackhawks vs 1 for Capitals.
Shots for this period are 12 for Blackhawks vs 10 for Capitals.


Output by the SimonT Hockey Simulator (STHS) for Eric Dolegowski -- Original Page W3C XHTML 1.0 Valid
Hockey Simulator - Hockey Simulation - Hockey Manager